| TOP OF THE 1ST |
|
Chicago White Sox batting - Pitching for Boston Red Sox : RHP Dick Ruthven
|
|
Pitching: RHP Dick Ruthven
|
|
|
Batting: SHB Ozzie Smith
|
0-0: Foul Ball, location: 2F 0-1: Foul Ball, location: 2F 0-2: Ball 1-2: Foul Ball, location: 2F 1-2: Ball 2-2: Ground out 4-3 (Groundball, 4, EV 83.8 MPH)
|
|
Batting: SHB Dwayne Taggart
|
0-0: Ball 1-0: Fly out, F4 (Popup, 34D, EV 58.1 MPH)
|
|
Batting: RHB Brian Downing
|
0-0: Ball 1-0: Foul Ball, location: 2F 1-1: Swinging Strike 1-2: SINGLE (Line Drive, 9S, EV 110.0 MPH)
|
|
Batting: LHB Mitchell Page
|
0-0: Called Strike 0-1: Ball 1-1: Called Strike 1-2: Fly out, F8 (Line Drive, 8LM, EV 91.9 MPH)
|
| Top of the 1st over - 0 runs, 1 hit, 0 errors, 1 left on base; Chicago 0 - Boston 0 |
| BOTTOM OF THE 1ST |
|
Boston Red Sox batting - Pitching for Chicago White Sox : RHP Ray Corbin
|
|
Pitching: RHP Ray Corbin
|
|
|
Batting: LHB Claudell Washington
|
0-0: Ball 1-0: Ground out 6-3 (Groundball, 6, EV 80.0 MPH)
|
|
Batting: LHB Willie Aikens
|
0-0: Called Strike 0-1: SINGLE (Groundball, 4D, EV 98.1 MPH)
|
|
Batting: LHB George Brett
|
0-0: Fly out, F4 (Flyball, 3D, EV 88.1 MPH)
|
|
Batting: RHB Jeff Burroughs
|
0-0: Ball 1-0: Ball 2-0: Foul Ball, location: 2F 2-1: Ball 3-1: Called Strike 3-2: Foul Ball, location: 2F 3-2: Fly out, F7 (Flyball, 7LD, EV 93.1 MPH)
|
| Bottom of the 1st over - 0 runs, 1 hit, 0 errors, 1 left on base; Chicago 0 - Boston 0 |
| TOP OF THE 2ND |
|
Chicago White Sox batting - Pitching for Boston Red Sox : RHP Dick Ruthven
|
|
Batting: RHB Steve Henderson
|
0-0: Called Strike 0-1: Ball 1-1: Swinging Strike 1-2: Ball 2-2: Strikes out looking
|
|
Batting: LHB Rudy Law
|
0-0: Foul Ball, location: 2F 0-1: Ground out 4-3 (Groundball, 34D, EV 102.5 MPH)
|
|
Batting: RHB Mike Heath
|
0-0: Called Strike 0-1: Ball 1-1: Called Strike 1-2: Foul Ball, location: 2F 1-2: Ball 2-2: Ball 3-2: TRIPLE (Groundball, 3L, EV 93.8 MPH)
|
|
Batting: LHB Ryan MacFarland
|
0-0: Ball 1-0: Ground out 6-3 (Groundball, 6M, EV 98.1 MPH)
|
| Top of the 2nd over - 0 runs, 1 hit, 0 errors, 1 left on base; Chicago 0 - Boston 0 |
| BOTTOM OF THE 2ND |
|
Boston Red Sox batting - Pitching for Chicago White Sox : RHP Ray Corbin
|
|
Batting: SHB Reggie Smith
|
0-0: Fly out, F8 (Flyball, 8RD, EV 100.0 MPH)
|
|
Batting: RHB Richie Zisk
|
0-0: Called Strike 0-1: Ball 1-1: Ball 2-1: Swinging Strike 2-2: Ball 3-2: Foul Ball, location: 2F 3-2: Base on Balls
|
|
Batting: LHB Ted May
|
0-0: Ball 1-0: Called Strike 1-1: Foul Ball, location: 2F 1-2: Ball 2-2: Foul Ball, location: 2F 2-2: Foul Ball, location: 2F 2-2: Fly out, F2 (Popup, 13S, EV 80.6 MPH)
|
|
Batting: RHB Mark Grady
|
0-0: Swinging Strike 0-1: Foul Ball, location: 2F 0-2: Fly out, F9 (Flyball, 89D, EV 90.0 MPH)
|
| Bottom of the 2nd over - 0 runs, 0 hits, 0 errors, 1 left on base; Chicago 0 - Boston 0 |
| TOP OF THE 3RD |
|
Chicago White Sox batting - Pitching for Boston Red Sox : RHP Dick Ruthven
|
|
Batting: RHB Brian Harper
|
0-0: Fly out, F8 (Flyball, 8LS, EV 91.9 MPH)
|
|
Batting: SHB Ozzie Smith
|
0-0: Ball 1-0: Foul Ball, location: 2F 1-1: Fly out, F6 (Line Drive, 6, EV 71.3 MPH)
|
|
Batting: SHB Dwayne Taggart
|
0-0: Ball 1-0: Ground out U3 (Groundball, 3S, EV 66.9 MPH)
|
| Top of the 3rd over - 0 runs, 0 hits, 0 errors, 0 left on base; Chicago 0 - Boston 0 |
| BOTTOM OF THE 3RD |
|
Boston Red Sox batting - Pitching for Chicago White Sox : RHP Ray Corbin
|
|
Batting: RHB Kevin Klettke
|
0-0: Called Strike 0-1: Foul Ball, location: 2F 0-2: Fly out, F9 (Flyball, 9, EV 86.9 MPH)
|
|
Batting: LHB Claudell Washington
|
0-0: SOLO HOME RUN (Flyball, 89XD, EV 103.8 MPH), Distance : 444 ft
|
|
Batting: LHB Willie Aikens
|
0-0: Fly out, F7 (Flyball, 7D, EV 80.6 MPH)
|
|
Batting: LHB George Brett
|
0-0: Ground out 3-1 (Groundball, 34, EV 109.4 MPH)
|
| Bottom of the 3rd over - 1 run, 1 hit, 0 errors, 0 left on base; Chicago 0 - Boston 1 |
| TOP OF THE 4TH |
|
Chicago White Sox batting - Pitching for Boston Red Sox : RHP Dick Ruthven
|
|
Batting: RHB Brian Downing
|
0-0: Ball 1-0: Foul Ball, location: 2F 1-1: Foul Ball, location: 2F 1-2: Ball 2-2: Ball 3-2: Ground out 4-3 (Groundball, 4, EV 82.5 MPH)
|
|
Batting: LHB Mitchell Page
|
0-0: Swinging Strike 0-1: SINGLE (Groundball, 4MD, EV 106.3 MPH)
|
|
Batting: RHB Steve Henderson
|
0-0: Ball 1-0: Called Strike 1-1: Ball 2-1: Grounds into double play, 6-4-3 (Groundball, 6, EV 85.0 MPH)
|
| Top of the 4th over - 0 runs, 1 hit, 0 errors, 0 left on base; Chicago 0 - Boston 1 |
| BOTTOM OF THE 4TH |
|
Boston Red Sox batting - Pitching for Chicago White Sox : RHP Ray Corbin
|
|
Batting: RHB Jeff Burroughs
|
0-0: Ball 1-0: Ball 2-0: Fly out, F8 (Line Drive, 8RD, EV 98.1 MPH)
|
|
Batting: SHB Reggie Smith
|
0-0: Called Strike 0-1: Ball 1-1: Foul Ball, location: 2F 1-2: Ball 2-2: Fly out, F9 (Flyball, 89M, EV 88.8 MPH)
|
|
Batting: RHB Richie Zisk
|
0-0: Foul Ball, location: 2F 0-1: SINGLE (Line Drive, 4MD, EV 96.3 MPH)
|
|
Batting: LHB Ted May
|
0-0: Foul Ball, location: 2F 0-1: Ball 1-1: Swinging Strike 1-2: Strikes out swinging
|
| Bottom of the 4th over - 0 runs, 1 hit, 0 errors, 1 left on base; Chicago 0 - Boston 1 |
| TOP OF THE 5TH |
|
Chicago White Sox batting - Pitching for Boston Red Sox : RHP Dick Ruthven
|
|
Batting: LHB Rudy Law
|
0-0: Ball 1-0: Ball 2-0: Foul Ball, location: 2F 2-1: Ball 3-1: Swinging Strike 3-2: Foul Ball, location: 2F 3-2: Foul Ball, location: 2F 3-2: SINGLE (Groundball, 4D, EV 97.5 MPH)
|
|
Batting: RHB Mike Heath
|
0-0: Ball 1-0: Called Strike 1-1: Sac Bunt to 2L - play at first, batter OUT! 2-4 Rudy Law to second
|
|
Batting: LHB Ryan MacFarland
|
0-0: Called Strike 0-1: Called Strike Rudy Law steals 3rd base 0-2: Ground out U3 (Groundball, 3D, EV 105.6 MPH) Rudy Law scores
|
|
Batting: RHB Brian Harper
|
0-0: Ball 1-0: Called Strike 1-1: Ball 2-1: Foul Ball, location: 2F 2-2: Ground out 1-3 (Groundball, P, EV 65.0 MPH)
|
| Top of the 5th over - 1 run, 1 hit, 0 errors, 0 left on base; Chicago 1 - Boston 1 |
| BOTTOM OF THE 5TH |
|
Boston Red Sox batting - Pitching for Chicago White Sox : RHP Ray Corbin
|
|
Batting: RHB Mark Grady
|
0-0: Ball 1-0: Ball 2-0: Fly out, F4 (Popup, 4MD, EV 41.9 MPH)
|
|
Batting: RHB Kevin Klettke
|
0-0: Ball 1-0: Ball 2-0: Called Strike 2-1: DOUBLE (Groundball, 5L, EV 103.8 MPH)
|
|
Batting: LHB Claudell Washington
|
0-0: Ground out 1-3 (Groundball, 13, EV 63.1 MPH) Kevin Klettke to third
|
|
Batting: LHB Willie Aikens
|
0-0: Called Strike 0-1: Foul Ball, location: 2F 0-2: Ball 1-2: Fly out, F7 (Flyball, 7LS, EV 91.9 MPH)
|
| Bottom of the 5th over - 0 runs, 1 hit, 0 errors, 1 left on base; Chicago 1 - Boston 1 |
| TOP OF THE 6TH |
|
Chicago White Sox batting - Pitching for Boston Red Sox : RHP Dick Ruthven
|
|
Batting: SHB Ozzie Smith
|
0-0: Ball 1-0: Swinging Strike 1-1: Ball 2-1: Ball 3-1: Foul Ball, location: 2F 3-2: Base on Balls
|
|
Batting: SHB Dwayne Taggart
|
0-0: Ball Ozzie Smith is caught stealing 2nd base 2-6 1-0: Swinging Strike 1-1: SINGLE (Groundball, 4M, EV 99.4 MPH) (infield hit)
|
|
Batting: RHB Brian Downing
|
0-0: Called Strike 0-1: Foul Ball, location: 2F 0-2: Ball 1-2: Ball 2-2: Ball 3-2: Foul Ball, location: 2F 3-2: Foul Ball, location: 2F 3-2: 2-RUN HOME RUN (Flyball, 89XD, EV 103.1 MPH), Distance : 444 ft
|
|
Batting: LHB Mitchell Page
|
0-0: Fly out, F9 (Line Drive, 9, EV 90.0 MPH)
|
|
Batting: RHB Steve Henderson
|
0-0: Ball 1-0: Called Strike 1-1: Fly out, F6 (Flyball, 56D, EV 91.9 MPH)
|
| Top of the 6th over - 2 runs, 2 hits, 0 errors, 0 left on base; Chicago 3 - Boston 1 |
| BOTTOM OF THE 6TH |
|
Boston Red Sox batting - Pitching for Chicago White Sox : RHP Ray Corbin
|
|
Batting: LHB George Brett
|
0-0: Ball 1-0: TRIPLE (Flyball, 89XD, EV 97.5 MPH)
|
|
Batting: RHB Jeff Burroughs
|
0-0: Ground out 6-3 (Groundball, 6, EV 92.5 MPH) George Brett scores
|
|
Batting: SHB Reggie Smith
|
0-0: Foul Ball, location: 2F 0-1: Reached on error, E8 (Flyball, 78XD, EV 99.4 MPH)
|
|
Batting: RHB Richie Zisk
|
0-0: Called Strike 0-1: Foul Ball, location: 2F 0-2: Foul Ball, location: 2F 0-2: Foul Ball, location: 2F 0-2: Strikes out swinging
|
|
Batting: LHB Ted May
|
0-0: Ball 1-0: Ball 2-0: Swinging Strike 2-1: Foul Ball, location: 2F 2-2: Foul Ball, location: 2F 2-2: Foul Ball, location: 2F 2-2: Foul Ball, location: 2F 2-2: Ball 3-2: Ground out U3 (Groundball, 34S, EV 83.8 MPH)
|
| Bottom of the 6th over - 1 run, 1 hit, 1 error, 1 left on base; Chicago 3 - Boston 2 |
| TOP OF THE 7TH |
|
Chicago White Sox batting - Pitching for Boston Red Sox : RHP Dick Ruthven
|
|
Batting: LHB Rudy Law
|
0-0: Ball 1-0: Called Strike 1-1: Ball 2-1: Foul Ball, location: 2F 2-2: Ball 3-2: DOUBLE (Line Drive, 78M, EV 95.6 MPH)
|
|
Pitching: LHP Kenneth Kollmyer
|
|
|
Batting: RHB Mike Heath
|
0-0: Called Strike 0-1: Swinging Strike 0-2: Strikes out looking
|
|
Batting: LHB Ryan MacFarland
|
0-0: Ball 1-0: Fly out, F7 (Flyball, 7LM, EV 105.6 MPH) Runner from 2nd tags up, SAFE at 3rd with throw by LF
|
|
Batting: RHB Brian Harper
|
0-0: Foul Ball, location: 2F 0-1: Swinging Strike 0-2: Foul Ball, location: 2F 0-2: Ball 1-2: Ball 2-2: Ball 3-2: Strikes out swinging
|
| Top of the 7th over - 0 runs, 1 hit, 0 errors, 1 left on base; Chicago 3 - Boston 2 |
| BOTTOM OF THE 7TH |
|
Boston Red Sox batting - Pitching for Chicago White Sox : RHP Ray Corbin
|
|
Batting: RHB Mark Grady
|
0-0: Ball 1-0: Called Strike 1-1: Foul Ball, location: 2F 1-2: Ground out U3 (Groundball, 3, EV 97.5 MPH)
|
|
Batting: RHB Kevin Klettke
|
0-0: Called Strike 0-1: Ball 1-1: Ball 2-1: Fly out, F8 (Flyball, 89S, EV 93.1 MPH)
|
|
Batting: LHB Claudell Washington
|
0-0: Called Strike 0-1: Fly out, F7 (Flyball, 7LM, EV 101.9 MPH)
|
| Bottom of the 7th over - 0 runs, 0 hits, 0 errors, 0 left on base; Chicago 3 - Boston 2 |
| TOP OF THE 8TH |
|
Chicago White Sox batting - Pitching for Boston Red Sox : LHP Kenneth Kollmyer
|
|
Batting: SHB Ozzie Smith
|
0-0: Ball 1-0: Fly out, F8 (Flyball, 89D, EV 100.0 MPH)
|
|
Batting: SHB Dwayne Taggart
|
0-0: Called Strike 0-1: Called Strike 0-2: Strikes out swinging
|
|
Batting: RHB Brian Downing
|
0-0: Ball 1-0: SINGLE (Line Drive, 34, EV 99.4 MPH)
|
|
Batting: LHB Mitchell Page
|
0-0: Ball 1-0: Ball 2-0: Called Strike 2-1: Foul Ball, location: 2F 2-2: DOUBLE (Flyball, 9LD, EV 80.6 MPH) Brian Downing to third Runner from 3rd tries for Home, SAFE, throw by RF to trailing runner, SAFE at third!
|
|
Batting: RHB Steve Henderson
|
0-0: Called Strike 0-1: Foul Ball, location: 2F 0-2: Strikes out looking
|
| Top of the 8th over - 1 run, 2 hits, 0 errors, 1 left on base; Chicago 4 - Boston 2 |
| BOTTOM OF THE 8TH |
|
Boston Red Sox batting - Pitching for Chicago White Sox : RHP Ray Corbin
|
|
Batting: LHB Willie Aikens
|
0-0: Foul Ball, location: 2F 0-1: Ball 1-1: Called Strike 1-2: Ground out 4-3 (Groundball, 4, EV 76.9 MPH)
|
|
Batting: LHB George Brett
|
0-0: Ball 1-0: Ball 2-0: Called Strike 2-1: Ball 3-1: Foul Ball, location: 2F 3-2: Fly out, F7 (Line Drive, 7, EV 111.3 MPH)
|
|
Batting: RHB Jeff Burroughs
|
0-0: Swinging Strike 0-1: Ground out 4-3 (Groundball, 4, EV 102.5 MPH)
|
| Bottom of the 8th over - 0 runs, 0 hits, 0 errors, 0 left on base; Chicago 4 - Boston 2 |
| TOP OF THE 9TH |
|
Chicago White Sox batting - Pitching for Boston Red Sox : LHP Kenneth Kollmyer
|
|
Batting: LHB Rudy Law
|
0-0: Called Strike 0-1: SINGLE (Groundball, 4MD, EV 100.6 MPH)
|
|
Batting: RHB Mike Heath
|
0-0: Ball 1-0: Bunted foul 1-1: Bunted foul 1-2: Foul Ball, location: 2F 1-2: Ball 2-2: Ground out 6-3 (Groundball, 6MS, EV 70.0 MPH) Rudy Law to second
|
|
Batting: LHB Ryan MacFarland
|
0-0: Ball 1-0: Fly out, F5 (Popup, 5S, EV 82.5 MPH)
|
|
Batting: RHB Brian Harper
|
0-0: Foul Ball, location: 2F 0-1: Ball 1-1: Foul Ball, location: 2F 1-2: Ground out 4-3 (Groundball, 4, EV 101.3 MPH)
|
| Top of the 9th over - 0 runs, 1 hit, 0 errors, 1 left on base; Chicago 4 - Boston 2 |
| BOTTOM OF THE 9TH |
|
Boston Red Sox batting - Pitching for Chicago White Sox : RHP Ray Corbin
|
|
Batting: SHB Reggie Smith
|
0-0: Ball 1-0: Ball 2-0: Called Strike 2-1: Foul Ball, location: 2F 2-2: Strikes out swinging
|
|
Batting: RHB Richie Zisk
|
0-0: Ball 1-0: Foul Ball, location: 2F 1-1: Ball 2-1: Fly out, F9 (Flyball, 89D, EV 100.6 MPH)
|
|
Batting: LHB Ted May
|
0-0: Ball 1-0: Foul Ball, location: 2F 1-1: Foul Ball, location: 2F 1-2: Fly out, F6 (Flyball, 6MD, EV 88.8 MPH)
|
| Bottom of the 9th over - 0 runs, 0 hits, 0 errors, 0 left on base; Chicago 4 - Boston 2 |
|